 Seeded DCSS version 0.29-a0-96-g93358da72b (webtiles) character file.

Game seed: 20220211 (custom seed)

436 muata the Cudgeller (level 7, -2/59 HPs)
             Began as a Gnoll Cinder Acolyte on Feb 11, 2022.
             Was a High Priest of Ignis.
             Slain by a gnoll (11 damage)
             ... on level 4 of the Dungeon.
             The game lasted 00:09:42 (4278 turns).

muata the Cudgeller (Gnoll Cinder Acolyte)          Turns: 4278, Time: 00:09:42

Health: -2/59      AC:  2    Str: 14    XL:     7   Next: 1%
Magic:  2/12       EV: 12    Int: 15    God:    Ignis [*****.]
Gold:   138        SH:  0    Dex:  7    Spells: 11/13 levels left

rFire   + . .      SeeInvis .   l - +0 scythe
rCold   . . .      Faith    .   (shield currently unavailable)
rNeg    . . .      Spirit   .   b - +0 robe
rPois   .          Reflect  .   (no helmet)
rElec   .          Harm     .   (no cloak)
rCorr   .          Rampage  .   (no gloves)
Will    .....                   (no boots)
Stlth   ++........              (no amulet)
HPRegen 0.19/turn               (no ring)
MPRegen 0.13/turn               (no ring)

@: no status effects
A: fangs 1, strong nose, distributed training
a: Renounce Religion, Fiery Armour, Foxfire Swarm, Rising Flame


You were on level 4 of the Dungeon.
You worshipped Ignis.
Ignis was extremely pleased with you.
You visited 1 branch of the dungeon, and saw 4 of its levels.

You collected 138 gold pieces.

Inventory:

Hand Weapons
 a - a -1 mace of flaming
 l - a +0 scythe (weapon)
Armour
 b - a +0 robe (worn)
Jewellery
 j - a +6 ring of intelligence
Scrolls
 c - 2 scrolls of teleportation {unknown}
 d - a scroll of enchant weapon {unknown}
 e - 6 scrolls of identify {unknown}
 f - a scroll of amnesia {unknown}
 g - a scroll of fog {unknown}
 n - a scroll of magic mapping {unknown}
Potions
 h - 2 potions of flight {unknown}
 i - a potion of attraction {unknown}
 k - a potion of heal wounds {unknown}
 m - a potion of degeneration {unknown}


   Skills:
 + Level 6.9 Fighting
 + Level 2.2 Short Blades
 + Level 2.2 Long Blades
 + Level 2.2 Axes
 + Level 6.9 Maces & Flails
 + Level 2.2 Polearms
 + Level 2.2 Staves
 + Level 2.2 Slings
 + Level 2.2 Bows
 + Level 2.2 Crossbows
 + Level 2.2 Throwing
 + Level 2.2 Armour
 + Level 2.2 Dodging
 + Level 2.2 Stealth
 + Level 2.2 Shields
 + Level 2.2 Unarmed Combat
 + Level 3.6 Spellcasting
 + Level 1.7 Conjurations
 + Level 1.7 Hexes
 + Level 1.7 Summonings
 + Level 1.7 Necromancy
 + Level 1.7 Translocations
 + Level 1.7 Transmutations
 + Level 5.7 Fire Magic
 + Level 1.7 Ice Magic
 + Level 1.7 Air Magic
 + Level 1.7 Earth Magic
 + Level 1.7 Poison Magic
 + Level 2.4 Invocations
 + Level 2.2 Evocations


You had 11 spell levels left.
You knew the following spells:

 Your Spells              Type           Power      Damage    Failure   Level
a - Scorch                Fire           38%        2d7       2%          2

Your spell library contained the following spells:

 Spells                   Type           Power      Damage    Failure   Level


Dungeon Overview and Level Annotations

Branches:
Dungeon (4/15)
 Temple: D:4-7

Altars:


Innate Abilities, Weirdness & Mutations

You have very sharp teeth.
Your uncanny sense of smell can sniff out nearby items.
Your experience applies equally to all skills.


Message History

There is an open door here.
Casting: Scorch (safe; 2% risk of failure)
Confirm with . or Enter, or press ? or * to list all spells.
Flames lash the gnoll.
The gnoll is heavily wounded.
The gnoll's fire resistance burns away.
Casting: Scorch (safe; 2% risk of failure)
Confirm with . or Enter, or press ? or * to list all spells.
Flames lash the gnoll.
The gnoll is burned terribly!
You kill the gnoll!
The gnoll closely misses you. The gnoll hits you with a +0 whip.
Casting: Scorch (safe; 2% risk of failure)
Confirm with . or Enter, or press ? or * to list all spells.
Flames lash the gnoll.
The gnoll is almost dead.
The gnoll's fire resistance burns away.
The gnoll closely misses you. x2
The gnoll sergeant hits you from afar with a +0 trident!
Casting: Scorch (safe; 2% risk of failure)
Confirm with . or Enter, or press ? or * to list all spells.
Flames lash the gnoll.
The gnoll is burned terribly!
You kill the gnoll!
The gnoll hits you with a +0 flail.
The gnoll sergeant hits you from afar with a +0 trident!
You have reached level 7!
Casting: Scorch (safe; 2% risk of failure)
Confirm with . or Enter, or press ? or * to list all spells.
Flames lash the gnoll sergeant.
The gnoll sergeant is moderately wounded.
The gnoll sergeant's fire resistance burns away.
The gnoll hits you with a +0 flail. The gnoll sergeant barely misses you.
The gnoll hits you with a +0 flail!
* * * LOW HITPOINT WARNING * * *
The gnoll sergeant hits you with a +0 trident.
* * * LOW HITPOINT WARNING * * *
Things that are here:
a +0 whip; a gnoll corpse You slash the gnoll sergeant!
The gnoll sergeant is heavily wounded.
The gnoll hits you with a +0 flail!
You die...

#.......#......#
........#......#
........#......#
........#......#
#.......#......# .
#.......#......#
.#...##.......#).g...#
.#...##.......'g@....#
.#............#......#
.#...##.......#......#
.#...##.))....#......#
.#...##...)...#......#
.#...##...†...#......#
.#............#......#
.#...##.......#......#
.#...#####'####......#


You could see a gnoll sergeant (combustible) and a gnoll.

Vanquished Creatures
  Sigmund (D:2)
  An orc priest (D:3)
  Jessica (D:2)
  An iguana (D:4)
  3 orc wizards
  2 gnolls (D:4)
  5 adders
  2 worms (D:3)
  7 orcs
  3 endoplasms
  2 giant cockroaches
  7 goblins
  6 hobgoblins
  3 jackals (D:3)
  2 kobolds
  2 quokkas (D:2)
  3 ball pythons
  4 bats
  4 frilled lizards
  5 rats
64 creatures vanquished.

Notes
Turn   | Place    | Note
-------+----------+-------------------------------------------
     0 | D:1      | muata the Gnoll Cinder Acolyte began the quest for the Orb.
     0 | D:1      | Reached XP level 1. HP: 23/23 MP: 4/4
   436 | D:1      | Reached XP level 2. HP: 29/29 MP: 5/5
   491 | D:1      | Learned a level 2 spell: Scorch
   819 | D:1      | Found a faded altar of an unknown god.
  1272 | D:2      | Reached XP level 3. HP: 27/35 MP: 7/7
  1583 | D:2      | Reached skill level 1 in Invocations
  1964 | D:2      | Noticed Sigmund
  2042 | D:2      | Killed Sigmund
  2043 | D:2      | Reached skill level 1 in Short Blades
  2043 | D:2      | Reached skill level 1 in Long Blades
  2043 | D:2      | Reached skill level 1 in Axes
  2043 | D:2      | Reached skill level 1 in Polearms
  2043 | D:2      | Reached skill level 1 in Staves
  2043 | D:2      | Reached skill level 1 in Slings
  2043 | D:2      | Reached skill level 1 in Bows
  2043 | D:2      | Reached skill level 1 in Crossbows
  2043 | D:2      | Reached skill level 1 in Throwing
  2043 | D:2      | Reached skill level 1 in Armour
  2043 | D:2      | Reached skill level 1 in Dodging
  2043 | D:2      | Reached skill level 1 in Stealth
  2043 | D:2      | Reached skill level 1 in Shields
  2043 | D:2      | Reached skill level 1 in Unarmed Combat
  2043 | D:2      | Reached skill level 1 in Conjurations
  2043 | D:2      | Reached skill level 1 in Hexes
  2043 | D:2      | Reached skill level 1 in Summonings
  2043 | D:2      | Reached skill level 1 in Necromancy
  2043 | D:2      | Reached skill level 1 in Translocations
  2043 | D:2      | Reached skill level 1 in Transmutations
  2043 | D:2      | Reached skill level 1 in Ice Magic
  2043 | D:2      | Reached skill level 1 in Air Magic
  2043 | D:2      | Reached skill level 1 in Earth Magic
  2043 | D:2      | Reached skill level 1 in Poison Magic
  2043 | D:2      | Reached skill level 1 in Evocations
  2043 | D:2      | Reached XP level 4. HP: 3/41 MP: 0/8
  2043 | D:2      | Reached XP level 5. HP: 3/47 MP: 0/9
  2388 | D:2      | Noticed Jessica
  2392 | D:2      | Killed Jessica
  2474 | D:2      | Reached XP level 6. HP: 53/53 MP: 3/10
  4276 | D:4      | Reached XP level 7. HP: 26/59 MP: 3/12
  4278 | D:4      | Slain by a gnoll

Illustrated notes

Levels and vault maps discovered:
D:1:      minmay_arrival_four_loops, layout_loops_ring,
          dreamdust_ecumenical_altar_sealed_demon, minmay_misc_feat_columns
D:2:      layout_basic, amethyst_killhole, hangedman_decor_growths,
          uniq_sigmund, uniq_jessica
D:3:      layout_basic, fountainhead
D:4:      layout_gridville, uniq_pikel

Skill      XL: |  1  2  3  4  5  6 |
---------------+-------------------+-----
Invocations    | 1 2 |  2.4
Short Blades   | 1 2 |  2.2
Long Blades    | 1 2 |  2.2
Axes           | 1 2 |  2.2
Polearms       | 1 2 |  2.2
Staves         | 1 2 |  2.2
Slings         | 1 2 |  2.2
Bows           | 1 2 |  2.2
Crossbows      | 1 2 |  2.2
Throwing       | 1 2 |  2.2
Armour         | 1 2 |  2.2
Dodging        | 1 2 |  2.2
Stealth        | 1 2 |  2.2
Shields        | 1 2 |  2.2
Unarmed Combat | 1 2 |  2.2
Spellcasting   | 3 |  3.6
Conjurations   | 1 |  1.7
Hexes          | 1 |  1.7
Summonings     | 1 |  1.7
Necromancy     | 1 |  1.7
Translocations | 1 |  1.7
Transmutations | 1 |  1.7
Ice Magic      | 1 |  1.7
Air Magic      | 1 |  1.7
Earth Magic    | 1 |  1.7
Poison Magic   | 1 |  1.7
Evocations     | 1 2 |  2.2
Fighting       | |  6.9
Maces & Flails | |  6.9
Fire Magic     | |  5.7

Action                   |  1- 3 |  4- 6 |  7- 9 || total
-------------------------+-------+-------+-------++-------
Melee: Mace              |    50 |       |       ||    50
       Bite              |     4 |     4 |       ||     8
       Punch             |     1 |       |       ||     1
       Scythe            |       |    46 |     1 ||    47
 Cast: Scorch            |     9 |    51 |     1 ||    61
 Stab: Sleeping          |     1 |       |       ||     1
Armor: Robe              |    16 |    23 |       ||    39
Dodge: Dodged            |    31 |    58 |     1 ||    90

Table legend: (Time is in decaauts)
 A = Elapsed time spent in this place.
 B = Non-inter-level travel time spent in this place.
 C = Inter-level travel time spent in this place.
 D = Time resting spent in this place.
 E = Time spent auto-exploring this place.
 F = Levels seen in this place.
 G = Mean time per level.
                   A        B        C        D        E       F      G
               +--------+--------+--------+--------+--------+-----+--------+
         Total |   4322 |   4237 |     85 |   1337 |   2313 |   4 | 1080.5 |
       Dungeon |   4322 |   4237 |     85 |   1337 |   2313 |   4 | 1080.5 |
               +--------+--------+--------+--------+--------+-----+--------+

Top non-repeatable levels by time:
     D:2: 1860 daAuts
     D:3: 1357 daAuts
     D:1: 905 daAuts
     D:4: 199 daAuts
